Map: Oxide LE

Players

ByuN - Winner!

  • Race: Terran Terran
  • Spawn Location: 7:00

LiquidClem (Clem)

  • Race: Terran Terran
  • Spawn Location: 1:00

Event: Cheeseadelphia Winter Championship 2021

VOD

Have the link to the VOD?

Description

Time

  • Played on: Jan. 24, 2021, 3:24 p.m.
  • Length: 5:46

All games in this series

Show
View Real Time Build Order
Export as new Build Order

ByuN Terran - Winner!

Build Orders: Gas First Reaper Expand 

Get SALT Encoding   

  12  0:00  SCV  
  13  0:12  SCV  
  14  0:17  Supply Depot  
  14  0:24  SCV  
  14  0:28  Refinery  
  15  0:38  SCV  
  16  0:44  Barracks  
  16  0:50  SCV  
  17  1:03  SCV  
  18  1:15  SCV  
  19  1:31  Orbital Command, Reaper  
  20  1:41  Command Center  
  20  1:51  Factory  
  20  1:56  SCV  
  21  2:02  Refinery  
  21  2:05  Barracks Reactor  
  21  2:08  SCV  
  21  2:13  Supply Depot  
  22  2:20  SCV  
  23  2:34  SCV  
  23  2:35  Hellion  
  23  2:36  Starport  
  26  2:41  Marine x2  
  28  2:47  SCV  
  29  2:55  Orbital Command  
  29  2:56  Widow Mine  
  31  2:59  SCV  
  31  3:02  Marine x2  
  34  3:12  Medivac  
  36  3:13  SCV  
  36  3:17  Supply Depot  
  36  3:19  Factory Tech Lab  
  37  3:22  Marine x2  
  40  3:27  SCV  
  40  3:28  SCV  
  41  3:35  Refinery  
  41  3:38  Cyclone  
  41  3:41  Marine x2  
  46  3:44  Starport Tech Lab  
  46  3:47  SCV x2  
  48  3:51  Supply Depot  
  48  3:58  Marine  
  48  3:59  SCV, Marine  
  48  4:00  SCV  
  52  4:05  Raven  
  54  4:12  Supply Depot  
  54  4:13  SCV  
  54  4:16  Marine x2  
  57  4:23  Siege Tank  
  60  4:25  SCV x2  
  60  4:34  Marine x2  
  60  4:37  SCV x2  
  60  4:49  SCV x2  
  60  4:52  Marine  
  58  4:53  Raven  
  58  5:01  SCV x2  
  58  5:04  Marine  
  57  5:13  SCV x2  
  57  5:18  Marine  
  57  5:22  Marine  
  57  5:25  SCV x2  
  62  5:37  Supply Depot  
Show
View Real Time Build Order
Export as new Build Order

LiquidClem Terran 

Build Orders: Reaper Expand 

Get SALT Encoding   

  12  0:00  SCV  
  13  0:12  SCV  
  14  0:17  Supply Depot  
  14  0:24  SCV  
  15  0:38  SCV  
  15  0:39  Barracks  
  16  0:43  Refinery  
  16  0:51  SCV  
  17  1:03  SCV  
  18  1:15  SCV  
  19  1:26  Reaper  
  19  1:27  Orbital Command  
  20  1:41  Command Center  
  20  1:52  SCV  
  20  1:54  Supply Depot  
  21  1:58  Marine  
  22  2:04  SCV  
  23  2:08  Factory  
  23  2:16  Marine  
  23  2:17  SCV  
  23  2:20  Refinery  
  25  2:29  SCV  
  26  2:34  Barracks Reactor  
  26  2:41  SCV  
  27  2:52  Starport, Hellion  
  27  2:54  Orbital Command, SCV  
  30  3:06  SCV  
  30  3:10  Marine x2  
  33  3:14  Hellion  
  33  3:15  Supply Depot  
  33  3:18  SCV  
  33  3:19  SCV  
  37  3:28  Medivac, Marine x2  
  37  3:30  SCV  
  37  3:31  SCV  
  43  3:35  Hellion  
  43  3:38  Supply Depot  
  45  3:43  SCV  
  45  3:45  SCV  
  45  3:46  Marine x2  
  49  3:50  Supply Depot  
  49  3:55  SCV  
  50  3:57  Factory Tech Lab, SCV  
  50  4:01  Starport Tech Lab  
  51  4:03  Marine  
  51  4:04  Marine  
  53  4:10  SCV x2  
  53  4:11  Supply Depot  
  53  4:15  Cyclone  
  58  4:20  Raven  
  58  4:22  SCV  
  57  4:24  Marine x2  
  57  4:26  SCV  
  58  4:34  SCV  
  58  4:38  SCV  
  59  4:46  SCV  
  59  4:50  SCV  
  59  4:52  Marine  
  59  4:58  SCV  
  56  5:02  SCV, Marine  
  55  5:10  SCV  
  55  5:13  Marine  
  57  5:14  SCV  
  57  5:20  Marine  
  57  5:23  SCV  
  57  5:26  SCV  
Tags
 
Add a new tag
Caveats
  • Supply blocks, unpowered buildings, or Contaminate may cause inaccurate times.
  • Supply counts are checked every 10 seconds.